 Dungeon Crawl Stone Soup version 0.26-a0-26-ge22fd8933b (webtiles) character file.

Game seed: 13220016132373633975, levelgen mode: deterministic

821 iam7erjio the Skirmisher (level 7, -3/53 HPs)
             Began as an Octopode Necromancer on May 27, 2020.
             Slain by a big kobold
             ... wielding a +0 whip
              (6 damage)
             ... on level 4 of the Dungeon.
             The game lasted 00:09:09 (8169 turns).

iam7erjio the Skirmisher (Octopode Necromancer)     Turns: 8169, Time: 00:09:09

Health: -3/53      AC:  1    Str:  9    XL:     7   Next: 95%
Magic:  2/10       EV: 15    Int: 17    God:
Gold:   143        SH:  0    Dex: 13    Spells: 5/10 levels left

rFire    . . .     SeeInvis .   c - +0 short sword
rCold    . . .     Gourm    .   (no shield)
rNeg     . . .     Faith    .   (helmet restricted)
rPois    .         Spirit   .   (no amulet)
rElec    .         Reflect  .   m - ring of resist corrosion
rCorr    +         Harm     .   (no ring)
MR       .....                  (no ring)
Stlth    +++.......             (no ring)
HPRegen  0.17/turn              (no ring)
MPRegen  0.12/turn              (no ring)
                                (no ring)
                                (no ring)

@: berserk cooldown, slowed, very slow
A: almost no armour, stealthy swim, amphibious, 8 rings, constrict 8, camouflage
1, gelatinous body 1
a: no special abilities


You were on level 4 of the Dungeon.
You were hungry.

You visited 1 branch of the dungeon, and saw 4 of its levels.

You collected 143 gold pieces.

Inventory:

Hand Weapons
 a - a +1 flail of holy wrath
 c - a +0 short sword (weapon)
 d - a +0 spear
 p - a +0 trident
 v - a +0 hunting sling
 y - a +0 hunting sling
Missiles
 i - 186 stones (quivered)
 q - 27 arrows
 s - 12 poisoned darts
 u - 3 boomerangs
 x - 28 sling bullets
Jewellery
 m - a ring of resist corrosion (left tentacle)
 w - an uncursed ring of ice {unknown}
Wands
 k - a wand of polymorph (6)
 t - a wand of digging (3)
Scrolls
 e - 2 scrolls of magic mapping {unknown}
 f - 3 scrolls of teleportation {@r3}
 h - 2 scrolls of remove curse {unknown}
 j - 2 scrolls of enchant weapon
 o - a scroll of enchant armour
Potions
 g - a potion of stabbing
 n - a potion of brilliance
 r - a potion of haste
 z - a potion of mutation {unknown}
Comestibles
 b - 7 rations


   Skills:
 * Level 6.9 Fighting
 + Level 5.2 Dodging
 - Level 2.6 Stealth
 - Level 2.0 Spellcasting
 - Level 4.0 Necromancy


You had 5 spell levels left.
You knew the following spells:

 Your Spells              Type           Power        Failure   Level  Hunger
a - Pain                  Necr           ###.         3%          1    #......
b - Animate Skeleton      Necr           N/A          3%          1    #......
c - Vampiric Draining     Necr           ###.......   11%         3    ###....

Your spell library contained the following spells:

 Spells                   Type           Power        Failure   Level  Hunger
 Beastly Appendage        Tmut           #.....       19%         1    #......
 Magic Dart               Conj           #...         19%         1    #......
 Blink                    Tloc           N/A          28%         2    ###....
 Call Imp                 Summ           #.......     28%         2    ###....
 Slow                     Hex            #.......     28%         2    ###....
 Sticks to Snakes         Tmut           #.......     28%         2    ###....
 Animate Dead             Necr           N/A          36%         4    #####..
 Conjure Flame            Conj/Fire      #.......     50%         3    ###....
 Mephitic Cloud           Conj/Pois/Air  #.......     50%         3    ###....
 Spider Form              Tmut/Pois      #.........   50%         3    ###....
 Agony                    Necr           ###.....     71%         5    ######.
 Ice Form                 Ice/Tmut       #.......     88%         4    #####..
 Blade Hands              Tmut           #.........   99%         5    ######.


Dungeon Overview and Level Annotations

Branches:
Dungeon (4/15)
 Temple: D:4-7

Altars:

Annotations:
D:2 Sigmund


Innate Abilities, Weirdness & Mutations

You cannot wear most types of armour.
You are very stealthy in the water. (Stealth+)
You are amphibious.
You can wear up to eight rings at the same time.
You can use your tentacles to constrict eight enemies at once.
Your skin changes colour to match your surroundings (Stealth+).
Your rubbery body absorbs attacks. (AC +1, EV +1)


Message History

You kill the hobgoblin!
The big kobold throws a stone.
The stone misses you.
You slam the door shut with a bang, pushing everything out of the way!
Things that are here:
a +0 whip; 2 stones; a +0 club You hear a shout! x2
You start resting.
You feel a strong urge to attack something.
You start resting.
You are no longer berserk.
You are exhausted.
You feel yourself slow down.
You start resting.
Something unseen opens the door.
Casting: Vampiric Draining (dangerous; 11% risk of failure)
You don't have enough magic to cast that spell.
You closely miss the big kobold. You grab the big kobold.
You constrict the big kobold. The big kobold hits you with a +0 whip.
* * * LOW HITPOINT WARNING * * *
The big kobold hits you with a +0 whip.
You die...

≈≈≈≈.≈≈≈...≈≈≈≈≈≈≈..≈≈.≈≈≈...)...
≈≈≈≈≈≈≈≈≈≈≈≈≈≈≈≈≈≈≈≈≈≈≈≈≈≈≈≈≈≈≈.(
≈≈≈≈≈≈≈≈≈≈≈≈≈≈≈≈≈≈≈≈≈≈≈≈≈≈≈≈≈≈≈..
≈≈#####≈≈≈≈≈≈≈≈≈≈≈≈≈≈≈≈≈≈≈≈≈≈≈≈≈.
≈≈# ###########################
≈≈# #......## ##.....#.......#.
≈≈# #.......###......'.......#.
≈≈##'##......).#.%..(..#########.
≈≈≈#...........#@.......).....#..
≈≈≈#..)..((...)K(........)....)).
≈≈≈#))........)#$......)......#..
≈≈##'##........#.......#########.
≈≈# #.......###.....))...... #.
≈≈# #......## ##.....#...... #.
≈≈# ###########################
≈≈#####≈≈≈≈≈≈≈≈≈≈≈≈≈≈≈≈≈≈≈≈≈≈≈≈≈≈
#≈≈≈≈≈≈≈≈≈≈≈≈≈≈≈≈≈≈≈≈≈≈≈≈≈≈≈≈≈≈≈≈


You could see a big kobold.

Vanquished Creatures
  A big kobold (D:4)
  A scorpion (D:4)
  4 orc priests
  A bullfrog skeleton (D:4)
  7 orc wizards
  Jessica (D:2)
  A worker ant (D:4)
  A hound skeleton (D:3)
  6 gnolls (D:4)
  4 adders (D:2)
  10 worms
  A dart slug (D:1)
  A leopard gecko (D:4)
  17 orcs
  A ball python (D:2)
  8 giant cockroaches
  23 goblins
  34 hobgoblins
  10 jackals
  2 quokkas (D:2)
  6 bats
  2 frilled lizards
  6 kobolds
  A leopard gecko skeleton (D:4)
  9 rats
158 creatures vanquished.

Vanquished Creatures (others)
  A hobgoblin (D:4)
1 creature vanquished.

Grand Total: 159 creatures vanquished

Notes
Turn   | Place    | Note
-------+----------+-------------------------------------------
     0 | D:1      | iam7erjio the Octopode Necromancer began the quest for the
                  | Orb.
     0 | D:1      | Reached XP level 1. HP: 11/11 MP: 3/3
   280 | D:1      | Reached skill level 1 in Fighting
   283 | D:1      | Reached XP level 2. HP: 7/18 MP: 3/5
   725 | D:1      | Reached skill level 2 in Fighting
   725 | D:1      | Reached XP level 3. HP: 13/24 MP: 4/6
  1713 | D:2      | Noticed Jessica
  1732 | D:2      | Killed Jessica
  1732 | D:2      | Reached skill level 3 in Fighting
  1732 | D:2      | Reached XP level 4. HP: 26/31 MP: 0/7
  1818 | D:2      | Learned a level 1 spell: Animate Skeleton
  1822 | D:2      | Learned a level 3 spell: Vampiric Draining
  2328 | D:2      | Noticed Sigmund
  2412 | D:2      | Reached XP level 5. HP: 29/36 MP: 3/8
  3399 | D:3      | Reached skill level 4 in Fighting
  3811 | D:3      | Reached XP level 6. HP: 44/44 MP: 9/9
  4788 | D:4      | Reached skill level 5 in Fighting
  5360 | D:4      | Reached XP level 7. HP: 38/50 MP: 6/10
  6255 | D:4      | Reached skill level 6 in Fighting
  6742 | D:4      | HP: 2/52 [orc wizard] (4)]
  7723 | D:4      | Reached skill level 5 in Dodging
  8169 | D:4      | Slain by a big kobold

Illustrated notes

Levels and vault maps discovered:
D:1:      psy_arrival_dodecagon, layout_basic, hex_medium, minivault_19,
          roderic_serpentine_path, minmay_misc_feat_alley, minmay_tripent
D:2:      layout_rooms, minmay_joined_circles, uniq_jessica, uniq_sigmund
D:3:      minmay_door_path, layout_basic, feat_on_display
D:4:      minmay_goblin_kobold_castle, layout_basic, first_ration, minivault_4

Skill      XL: |  1  2  3  4  5  6  7 |
---------------+----------------------+-----
Fighting       | 1 2 3 4 5 6 |  6.9
Dodging        | 3 4 5 |  5.2
Stealth        | |  2.6
Spellcasting   | |  2.0
Necromancy     | |  4.0

Action                   |  1- 3 |  4- 6 |  7- 9 || total
-------------------------+-------+-------+-------++-------
Melee: Short sword       |    78 |   131 |   148 ||   357
       Constrict         |    20 |    30 |    42 ||    92
       Unarmed           |     5 |       |       ||     5
       Tentacles         |    15 |    24 |    22 ||    61
 Fire: Hunting sling     |       |       |     1 ||     1
Throw: Stone             |       |       |     1 ||     1
 Cast: Pain              |    13 |    52 |    28 ||    93
       Vampiric Draining |       |     3 |     7 ||    10
  Use: Scroll            |       |     8 |     2 ||    10
       Potion            |       |       |     3 ||     3
 Stab: Sleeping          |     5 |     9 |     2 ||    16
       Distracted        |       |     1 |     1 ||     2
  Eat: Chunk             |     3 |    12 |     3 ||    18
       Ration            |       |       |     2 ||     2
Armor: Skin              |     6 |    16 |     3 ||    25
Dodge: Dodged            |    50 |    67 |   109 ||   226

Table legend:
 A = Non-vault XP
 B = Vault XP
 C = Vault XP percentage of total XP
 D = Non-vault monster count
 E = Vault monster count
 F = Vault count percentage of total count
                 A         B        C        D         E       F
            +---------+---------+-------+---------+---------+-------
      Total |     812 |     362 |  30.8 |      99 |      59 |  37.3
            +---------+---------+-------+---------+---------+-------
        D:1 |      60 |       3 |   4.8 |      35 |       2 |   5.4
        D:2 |      69 |      70 |  50.4 |      18 |       8 |  30.8
        D:3 |     116 |      27 |  18.9 |      14 |       3 |  17.6
        D:4 |     567 |     262 |  31.6 |      32 |      46 |  59.0
            +---------+---------+-------+---------+---------+-------
